AoeStats
← 海峡

Arabia

509571514Analyzed
1v1 RM · 6d ago on Sep 27, 2026· 30m 28s· 2 players
Game mode
Random Map
Map size
Tiny (2 player)
Population
200
Speed
Normal
Resources
Standard
Victory
Conquest
Starting age
Dark Age
Ending age
Imperial Age
RankedLock teamsTeams togetherTeam positionsShared explorationLock speedFull tech treeHidden civsTurbo modeCheats
Victory
Defeat
🇨🇳 Japanese · China
1642
+10
🇸🇪 Japanese · Sweden
1508
-10
Anden
6:01 Loom
8:34 Feudal Age
9:04 Feudal Age
9:11 Man-at-Arms
9:39 Double-Bit Axe
18:01 Wheelbarrow
17:30 Fletching
21:43 Horse Collar
21:53 Gold Mining
26:40 Castle Age
25:50 Scale Barding Armor
27:30 Bodkin Arrow
28:20 Heavy Plow
28:35 Bow Saw
海峡
7:03 Loom
9:26 Feudal Age
9:32 Man-at-Arms
12:43 Double-Bit Axe
15:06 Scale Mail Armor
15:51 Horse Collar
23:12 Castle Age
21:43 Forging
24:14 Chain Mail Armor
23:28 Long Swordsman
26:06 Squires
25:56 Arson
26:57 Gambesons
28:48 Iron Casting
Connection lost

Rejoining the realm…

Still unreachable

The connection could not be restored.

Session expired

The server has moved on; the page needs a fresh start.